 Dungeon Crawl Stone Soup version 0.32-a0-468-g38b2580584 (webtiles) character file.

Game seed: 15712192761681177560

10372 CougarLife the Geomancer (level 11, -11/54 HPs)
             Began as a Gargoyle Earth Elementalist on Feb 24, 2024.
             Was a Follower of Vehumet.
             Killed from afar by an efreet (23 damage)
             ... with a fireball
             ... on level 9 of the Dungeon.
             The game lasted 00:19:04 (13297 turns).

CougarLife the Geomancer (GrEE)                    Turns: 13297, Time: 00:19:05

Health: -11/54     AC: 12    Str: 12    XL:     11   Next: 61%
Magic:  24/24      EV: 16    Int: 20    God:    Vehumet [*.....]
Gold:   373        SH:  0    Dex: 10    Spells: 25/29 levels left

rFire   . . .        j - +0 dagger
rCold   . . .        (no shield)
rNeg    + . .        a - +0 robe
rPois   ∞            (no helmet)
rElec   +            (no cloak)
rCorr   +            n - +0 pair of gloves
SInv    .            u - +0 pair of boots
Will    .....        (no amulet)
Stlth   ++           B - +5 ring of evasion
HPRegen 0.29/turn    p - ring of resist corrosion
MPRegen 0.19/turn

%: no passive effects
@: no status effects
A: sickness immunity, AC +8, negative energy resistance 1, electricity
resistance, torment resistance 1, petrification resistance
a: Renounce Religion


You were on level 9 of the Dungeon.
You worshipped Vehumet.
Vehumet was aware of your devotion.
You visited 2 branches of the dungeon, and saw 11 of its levels.
You also visited: Sewer and Ossuary.

You collected 598 gold pieces.
You spent 225 gold pieces at shops.

Inventory:

Hand Weapons
 j - a +0 dagger (weapon)
Armour
 a - a +0 robe (worn)
 n - a +0 pair of gloves (worn)
 u - a +0 pair of boots (worn)
Jewellery
 f - a ring of positive energy
 p - a ring of resist corrosion (right hand)
 B - a +5 ring of evasion (left hand)
 E - a ring of ice
 J - a ring of ice
Wands
 w - a wand of mindburst (10)
 x - a wand of acid (2)
 z - a wand of roots (33)
 A - a wand of flame (18)
 C - a wand of paralysis (6)
Scrolls
 d - 2 scrolls of enchant weapon
 e - 2 scrolls of butterflies
 g - a scroll of silence
 k - 4 scrolls of immolation
 l - 2 scrolls of teleportation
 o - 3 scrolls of fog
 q - 2 scrolls of noise
 r - a scroll of vulnerability {unknown}
 s - a scroll of fear {unknown}
 y - a scroll of enchant armour {unknown}
 G - a scroll of amnesia {unknown}
 H - a scroll of identify
Potions
 b - 2 potions of haste {unknown}
 c - 2 potions of attraction {unknown}
 h - 2 potions of mutation {unknown}
 i - a potion of lignification {unknown}
 m - 2 potions of heal wounds
 t - a potion of cancellation {unknown}
 v - 5 potions of curing
 D - 2 potions of degeneration {unknown}
 F - a potion of brilliance


   Skills:
 - Level 1.5 Dodging
 - Level 2.1 Stealth
 + Level 9.9 Spellcasting
 + Level 11.4 Conjurations
 + Level 12.8 Earth Magic


You had 25 spell levels left.
You knew the following spells:

 Your Spells              Type           Power      Damage    Failure   Level
a - Sandblast             Erth           100%       2d20      1%          1
b - Stone Arrow           Conj/Erth      100%       3d13      1%          3

Your spell library contained the following spells:

 Spells                   Type           Power      Damage    Failure   Level
 Foxfire                  Conj/Fire      100%       2x1d9     1%          1
 Kiss of Death            Conj/Necr      100%       2d13      1%          1
 Sting                    Conj/Alch      100%       1d9       1%          1
 Momentum Strike          Conj/Tloc      64%        3d9       1%          2
 Passwall                 Erth           57%        N/A       1%          3
 Brom's Barrelling Bould  Conj/Erth      55%        2d7       1%          4
 Petrify                  Alch/Erth      35%        N/A       4%          4
 Apportation              Tloc           18%        N/A       7%          1
 Blink                    Tloc           18%        N/A       11%         2
 Jinxbite                 Hex            18%        N/A       11%         2
 Lesser Beckoning         Tloc           18%        N/A       11%         2
 Mercury Vapours          Alch/Air       18%        N/A       11%         2
 Borgnjor's Vile Clutch   Necr/Erth      17%        N/A       14%         5
 Confusing Touch          Hex            9%         N/A       22%         3
 Gell's Gravitas          Tloc           9%         N/A       22%         3
 Summon Ice Beast         Ice/Summ       9%         N/A       22%         3
 Teleport Other           Tloc           9%         N/A       22%         3
 Volatile Blastmotes      Fire/Tloc      18%        2d11      22%         3
 Dispel Undead            Necr           9%         3d8       56%         4
 Martyr's Knell           Necr/Summ      9%         N/A       56%         4
 Olgreb's Toxic Radiance  Alch           9%         N/A       56%         4
 Summon Blazeheart Golem  Fire/Summ      9%         N/A       56%         4
 Summon Lightning Spire   Summ/Air       9%         N/A       56%         4
 Conjure Ball Lightning   Conj/Air       16%        3x3d6     71%         6
 Alistair's Intoxication  Alch           6%         N/A       89%         5
 Death Channel            Necr           4%         N/A       100%        6
 Dispersal                Tloc           4%         N/A       100%        6
 Sculpt Simulacrum        Ice/Alch       4%         N/A       100%        6
 Ozocubu's Refrigeration  Ice            4%         4d8       100%        7
 Fire Storm               Conj/Fire      16%        8d4       100%        9
 Cigotuvi's Dreadful Rot  Necr/Alch/Air  Unusable   N/A       N/A         2

Dungeon Overview and Level Annotations

Branches:
Dungeon (10/15)            Temple (1/1) D:5            Lair (0/5) D:8
    Orc (0/2) D:10          Sewer (visited)         Ossuary (visited)

Altars:
Ashenzari
Cheibriados
Dithmenos
Elyvilon
Fedhas
Gozag
Hepliaklqana
Kikubaaqudgha
Makhleb
Nemelex Xobeh
Okawaru
Qazlal
Ru
Sif Muna
Trog
Uskayaw
Vehumet
Wu Jian
Xom
Yredelemnul
Zin
The Shining One

Shops:
D:8 (*


Innate Abilities, Weirdness & Mutations

You are immune to sickness and miasma.
Your stone body is resilient. (AC +8)
You are immune to poison.
You resist negative energy. (rN+)
You are resistant to electric shocks. (rElec)
You are resistant to unholy torment.
You are immune to petrification.


Message History

Casting: Stone Arrow (safe; 1% risk of failure)
Confirm with . or Enter, or press ? or * to list all spells.
Aiming: Stone Arrow (safe; 1% risk of failure)
Press: ? - help, Shift-Dir - straight line, f/p - manticore
Aim: a manticore (lightly wounded, 87% to hit)
The stone arrow hits the manticore!!
The manticore is severely wounded.
The manticore flicks its tail.
The volley of spikes misses you.
Casting: Stone Arrow (safe; 1% risk of failure)
Confirm with . or Enter, or press ? or * to list all spells.
Aiming: Stone Arrow (safe; 1% risk of failure)
Press: ? - help, Shift-Dir - straight line, f/p - manticore
Aim: a manticore (severely wounded, 87% to hit)
The stone arrow hits the manticore!
The manticore is almost dead.
Casting: Stone Arrow (safe; 1% risk of failure)
Confirm with . or Enter, or press ? or * to list all spells.
Aiming: Stone Arrow (safe; 1% risk of failure)
Press: ? - help, Shift-Dir - straight line, f/p - manticore
Aim: a manticore (almost dead, 87% to hit)
The stone arrow hits the manticore!!
You kill the manticore!
Vehumet accepts your kill.
Okay, then.
You start resting.
You carefully extract the barbed spikes from your body.
You start resting.
HP restored.
You start resting.
Magic restored.
The efreet gestures at you. The bolt of fire hits you!!
The two-headed ogre shouts in stereo!
The efreet gestures at you. The bolt of fire hits you!!
* * * LOW HITPOINT WARNING * * *
The efreet gestures at you.
The fireball explodes!
The fireball engulfs you!!
You die...

#.# ########## #.#
######........# ##.#
#.......#####.# ...# #.......#
#.# #### #.......# #.# ###
#######.## #.# ..# #.......###
#.#
..################....O....####O#
................@.............)>#
..######.†....####.........####H#
..# #......# #.............R○ ..#
#......# #.......######.# ###
######## #####R°.°.))....
######################.########.#
.....................#.# #.#
.##.......).....##.#...########.#
.....##.....##.....###...........


You could see a two-headed ogre and an efreet.

Vanquished Creatures
  2 centaur warriors (D:9)
  A two-headed ogre (D:9)
  A tengu warrior (D:9)
  A manticore (D:9)
  A gargoyle (D:7)
  A komodo dragon (D:8)
  2 freezing wraiths (D:9)
  A slime creature (D:9)
  A wraith (D:7)
  2 wyverns
  A shadow (D:9)
  A basilisk (D:8)
  16 yaks
  2 vampire mosquitoes (D:9)
  3 steam dragons
  A water moccasin (D:7)
  Duvessa (D:7)
  4 sky beasts
  4 orc warriors
  An ice beast (D:6)
  2 centaurs
  An ogre (D:4)
  A phantom (D:7)
  2 bullfrogs (Sewer)
  4 wights (D:8)
  Dowan (D:7)
  A howler monkey (D:4)
  2 hounds
  A human zombie (Ossuary)
  3 jellies
  2 bombardier beetles
  A gnoll bouda (D:4)
  4 orc priests
  3 iguanas
  Terence (D:3)
  2 sleepcaps
  8 orc wizards
  9 adders
  6 gnolls
  2 river rats (D:4)
  2 shadow imps
  2 white imps (D:6)
  2 ufetubi (D:6)
  9 dart slugs
  2 ribbon worms
  27 orcs
  15 ball pythons
  6 endoplasms
  20 giant cockroaches
  4 goblins
  2 hobgoblins
  6 jackals
  5 kobolds
  4 quokkas
  7 bats
  14 frilled lizards
  2 gnoll zombies
  A hobgoblin zombie (Ossuary)
  A kobold zombie (Ossuary)
  An orc skeleton (D:10)
  8 rats
243 creatures vanquished.

Notes
Turn   | Place    | Note
-------+----------+-------------------------------------------
     0 | D:1      | CougarLife the Gargoyle Earth Elementalist began the quest
                  | for the Orb.
     0 | D:1      | Reached XP level 1. HP: 10/10 MP: 3/3
   147 | D:1      | Reached XP level 2. HP: 11/15 MP: 1/5
   305 | D:1      | Reached skill level 4 in Earth Magic
   447 | D:1      | Reached XP level 3. HP: 19/19 MP: 4/6
   471 | D:1      | Got Asmodeus's Precepts of the Burn
  1284 | D:2      | Reached XP level 4. HP: 21/24 MP: 3/8
  1751 | D:2      | Learned a level 3 spell: Stone Arrow
  1779 | D:3      | Got the Opusculum on the Wendigo
  1846 | D:3      | Noticed Terence
  1935 | D:3      | Killed Terence
  2386 | D:3      | Reached XP level 5. HP: 6/28 MP: 3/9
  2876 | D:4      | Noticed an ogre
  2884 | D:4      | Killed an ogre
  2885 | D:4      | Reached skill level 5 in Earth Magic
  2885 | D:4      | Reached XP level 6. HP: 7/32 MP: 0/11
  3120 | D:4      | Found a glowing drain.
  3130 | Sewer    | Entered a sewer
  3837 | Sewer    | Reached skill level 6 in Earth Magic
  3837 | Sewer    | Reached XP level 7. HP: 29/36 MP: 7/13
  4721 | D:5      | Entered Level 5 of the Dungeon
  4884 | D:4      | Reached skill level 5 in Conjurations
  5225 | D:5      | Found a staircase to the Ecumenical Temple.
  5232 | Temple   | Entered the Ecumenical Temple
  5438 | D:5      | Reached skill level 5 in Spellcasting
  5870 | D:5      | Found a hazy altar of Hepliaklqana.
  5872 | D:5      | Found a radiant altar of Vehumet.
  6060 | D:6      | Found a sand-covered staircase.
  6067 | D:6      | Reached skill level 7 in Earth Magic
  6067 | D:6      | Reached XP level 8. HP: 35/41 MP: 13/15
  6076 | Ossuary  | Entered an ossuary
  6804 | D:5      | Became a worshipper of Vehumet
  7395 | D:7      | Noticed a yak
  7402 | D:7      | Noticed a yak
  7432 | D:7      | Reached skill level 8 in Earth Magic
  7557 | D:7      | Found a blossoming altar of Fedhas.
  7711 | D:7      | Noticed Duvessa
  7715 | D:7      | Noticed Dowan
  7719 | D:7      | Reached XP level 9. HP: 41/45 MP: 10/18
  7721 | D:7      | Killed Duvessa
  7723 | D:7      | Killed Dowan
  7825 | D:7      | Got the Precepts of Exhalation and Terrain
  7956 | D:7      | Reached skill level 9 in Earth Magic
  8364 | D:7      | Noticed a gargoyle
  8377 | D:7      | Killed a gargoyle
  8528 | D:7      | Reached skill level 10 in Earth Magic
  9050 | D:8      | Found Danoth's Weapon Boutique.
  9056 | D:8      | Found Omururam's General Store.
  9074 | D:8      | Bought a potion of magic for 120 gold pieces
  9074 | D:8      | Bought a potion of brilliance for 60 gold pieces
  9074 | D:8      | Bought a scroll of teleportation for 45 gold pieces
  9093 | D:8      | Reached XP level 10. HP: 50/50 MP: 14/21
  9158 | D:8      | Reached * piety under Vehumet
  9158 | D:8      | Offered knowledge of Foxfire by Vehumet.
  9517 | D:8      | Found a shimmering blue altar of Sif Muna.
  9566 | D:8      | Found Qirewa's General Store.
 10124 | D:8      | Identified the +0 cloak "Zoetheciff" {+Inv rC+ Will+ Int+3}
 10308 | D:8      | Found a staircase to the Lair.
 10446 | D:8      | Reached skill level 11 in Earth Magic
 11020 | D:9      | Reached skill level 10 in Conjurations
 11293 | D:9      | Noticed a tengu warrior
 11303 | D:9      | Killed a tengu warrior
 11304 | D:9      | Reached XP level 11. HP: 54/54 MP: 13/24
 11395 | D:9      | Noticed a two-headed ogre
 11402 | D:9      | Killed a two-headed ogre
 11403 | D:9      | Reached skill level 12 in Earth Magic
 12213 | D:9      | Noticed a centaur warrior
 12224 | D:9      | Killed a centaur warrior
 12492 | D:9      | Noticed a centaur warrior
 12508 | D:9      | Killed a centaur warrior
 12652 | D:10     | Entered Level 10 of the Dungeon
 12763 | D:10     | Found a glowing silver altar of Zin.
 12788 | D:10     | Found a staircase to the Orcish Mines.
 12977 | D:10     | Noticed a two-headed ogre
 12978 | D:10     | Found a shimmering blue altar of Sif Muna.
 12978 | D:10     | Noticed a manticore
 13218 | D:9      | Killed a manticore
 13297 | D:9      | Killed from afar by an efreet

Illustrated notes

Levels and vault maps discovered:
D:1:      lemuel_arrival_cross, layout_basic
D:2:      wander_river, layout_basic
D:3:      layout_basic, chequers_decorated_corner,
          chequers_serial_rivers_small_a, uniq_terence
D:4:      layout_basic, portal_sewer_entry_e
D:5:      layout_loops_ring, nicolae_overflow_hidden_temple,
          minmay_temple_entry_statues_fountains
D:6:      layout_basic, nicolae_ossuary_entry_monument
D:7:      layout_basic, general_overflow_altar, minmay_chambers_of_fives,
          uniq_duvessa
D:8:      layout_basic, lemuel_tele_altar, david_lair_shrubbed, serial_shops,
          nicolae_shop_bloodbath_and_beyond, shop, shop, hex_intersection
D:9:      minmay_tri_box, layout_basic
D:10:     layout_rooms, mainiacjoe_overflow_brackets, zombieorc2_lemuel,
          serial_shops, shop, minmay_ruined_shrine
Temple:   sentei_temple_godly_chess

Skill      XL: |  1  2  3  4  5  6  7  8  9 10 11 |
---------------+----------------------------------+-----
Earth Magic    | 4 5 6 7 8 10 11 12 | 12.8
Conjurations   | 2 3 4 5 7 8 10 11 | 11.4
Spellcasting   | 3 4 5 6 7 9 |  9.9
Dodging        | |  1.5
Stealth        | |  2.1

Action                     |  1- 3 |  4- 6 |  7- 9 | 10-12 || total
---------------------------+-------+-------+-------+-------++-------
  Melee: Unarmed           |     1 |       |       |       ||     1
         Dagger            |       |     6 |     8 |     2 ||    16
   Cast: Sandblast         |    46 |   103 |   153 |    36 ||   338
         Stone Arrow       |       |     6 |    41 |    99 ||   146
    Use: Potion            |     1 |       |       |     3 ||     4
         Scroll            |       |       |     8 |     2 ||    10
 Armour: Robe              |    17 |    51 |   161 |    68 ||   297
  Dodge: Dodged            |    11 |    43 |   148 |    80 ||   282

Table legend: (Time is in decaauts)
 A = Elapsed time spent in this place.
 B = Non-inter-level travel time spent in this place.
 C = Inter-level travel time spent in this place.
 D = Time resting spent in this place.
 E = Time spent auto-exploring this place.
 F = Levels seen in this place.
 G = Mean time per level.
                   A        B        C        D        E       F      G
               +--------+--------+--------+--------+--------+-----+--------+
         Total |  13555 |  12979 |    576 |   3911 |   6515 |  13 | 1042.7 |
       Dungeon |  12586 |  12015 |    571 |   3469 |   6331 |  10 | 1258.6 |
        Temple |     11 |      6 |      5 |      0 |      0 |   1 |   11.0 |
         Sewer |    927 |    927 |      0 |    442 |    184 |   1 |  927.0 |
       Ossuary |     29 |     29 |      0 |      0 |      0 |   1 |   29.0 |
               +--------+--------+--------+--------+--------+-----+--------+

Top non-repeatable levels by time:
     D:9: 2142 daAuts
     D:8: 1853 daAuts
     D:7: 1708 daAuts
     D:6: 1367 daAuts
     D:4: 1220 daAuts
     D:3: 1160 daAuts
     D:2: 1067 daAuts
     D:5: 996 daAuts
   Sewer: 927 daAuts
     D:1: 792 daAuts
    D:10: 278 daAuts
 Ossuary: 29 daAuts
  Temple: 11 daAuts
